 Dungeon Crawl Stone Soup version 0.28-a0-773-g130ae17fe5 (webtiles) character file.

Game seed: 11436226203119728112

3028 bande the Chopper (level 9, -4/55 HPs)
             Began as a Gargoyle Fighter on Nov 1, 2021.
             Was an Elder of Okawaru.
             Killed by divine providence
             ... invoked by an orc priest
              (13 damage)
             ... on level 8 of the Dungeon.
             The game lasted 00:16:39 (9036 turns).

bande the Chopper (Gargoyle Fighter)                Turns: 9036, Time: 00:16:40

Health: -4/55      AC: 43    Str: 22    XL:     9   Next: 85%
Magic:  0/12       EV:  8    Int: 14    God:    Okawaru [****..]
Gold:   429        SH:  5    Dex: 11    Spells: 8/8 levels left

rFire   . . .      SeeInvis .   a - +1 war axe (flame)
rCold   . . .      Faith    .   c - +0 buckler
rNeg    + . .      Spirit   +   E - +27 Lear's hauberk
rPois   ∞          Reflect  .   (helmet currently unavailable)
rElec   +          Harm     .   (no cloak)
rCorr   .          Rampage  .   (gloves currently unavailable)
Will    .....                   (boots currently unavailable)
Stlth   ..........              r - amulet of guardian spirit
HPRegen 0.18/turn               n - +6 ring of intelligence
MPRegen 0.13/turn               (no ring)

@: no status effects
A: sickness immunity, AC +6, negative energy resistance 1, electricity
resistance, torment resistance 1, petrification resistance
a: Renounce Religion, Heroism, Finesse


You were on level 8 of the Dungeon.
You worshipped Okawaru.
Okawaru was greatly pleased with you.
You visited 2 branches of the dungeon, and saw 9 of its levels.
You also visited: Ossuary.

You collected 429 gold pieces.

Inventory:

Hand Weapons
 a - a +1 war axe of flaming (weapon)
 q - the +6 mace of Neaffil {antimagic, Fly rElec rN++}
   (You found it on level 5 of the Dungeon)

   It reduces the magical energy of the wielder, and disrupts the spells and
   magical abilities of those it strikes.
   Natural abilities and divine invocations are not affected.
   rElec:     It insulates you from electricity.
   rN:        It greatly protects you from negative energy.
   Fly:       It grants you flight.
 x - a +0 war axe
Armour
 c - a +0 buckler (worn)
 e - a +2 pair of gloves
 g - a +0 helmet
 s - a +1 chain mail of fire resistance
 t - a +0 cloak
 E - the +27 Lear's hauberk (worn)
   (You found it on level 7 of the Dungeon)
Jewellery
 b - a ring of fire
 n - a +6 ring of intelligence (left hand)
 r - an amulet of guardian spirit (around neck)
Wands
 j - a wand of flame (19)
 o - a wand of mindburst (12)
 v - a wand of digging (7)
 w - a wand of acid (6)
Scrolls
 f - 2 scrolls of fear
 y - a scroll of enchant weapon
 z - a scroll of teleportation
 A - a scroll of blinking
 B - a scroll of amnesia
 D - a scroll of identify
 F - a scroll of magic mapping
Potions
 d - 3 potions of might
 h - 3 potions of curing
 i - a potion of haste
 k - 2 potions of heal wounds
 l - a potion of berserk rage
 m - 2 potions of magic
 p - a potion of invisibility
 u - 3 potions of brilliance
 C - 2 potions of flight


   Skills:
 + Level 6.1 Fighting
 + Level 7.8 Axes
 + Level 6.3 Armour
 + Level 5.2 Shields
 * Level 5.0 Invocations
 * Level 4.4 Evocations


You had 8 spell levels left.
You didn't know any spells.
Your spell library contained the following spells:

 Spells                   Type           Power      Damage    Failure   Level
 Passage of Golubria      Tloc           0%         N/A       100%        4
 Silence                  Hex/Air        0%         N/A       100%        5
 Lehudib's Crystal Spear  Conj/Erth      0%         10d2      100%        8


Dungeon Overview and Level Annotations

Branches:
Dungeon (8/15)             Temple (1/1) D:4         Ossuary (visited)
   Lair: D:8-11

Altars:
Dithmenos
Gozag
Hepliaklqana
Kikubaaqudgha
Makhleb
Okawaru
Qazlal
Ru
Trog
Uskayaw
Wu Jian
Xom
Yredelemnul
Zin

Shops:
D:5 ?


Innate Abilities, Weirdness & Mutations

You are immune to sickness and miasma.
Your stone body is resilient. (AC +6)
You are immune to poison.
You resist negative energy. (rN+)
You are resistant to electric shocks. (rElec)
You are resistant to unholy torment.
You are immune to petrification.


Message History

The orc warrior hits you but does no damage.
You hit the orc warrior but do no damage.
The orc warrior is moderately wounded.
The orc priest calls upon Beogh to heal the orc warrior.
The orc warrior is healed somewhat.
The orc warrior closely misses you.
You barely miss the orc warrior.
The orc warrior is lightly wounded.
You block the orc warrior's attack.
You barely miss the orc warrior.
The orc warrior is lightly wounded.
The orc warrior hits you with a +0 battleaxe.
You slash the orc warrior! You burn the orc warrior.
The orc warrior is severely wounded.
The orc warrior misses you.
You closely miss the orc warrior.
The orc warrior is severely wounded.
The orc warrior hits you with a +0 battleaxe!
Your Lear's hauberk prevents you from hitting the orc warrior.
The orc warrior is severely wounded.
The orc warrior misses you.
You barely miss the orc warrior.
The orc warrior is severely wounded.
The orc warrior hits you but does no damage.
The orc priest mumbles some strange prayers to Beogh against you.
Beogh smites you!
* * * LOW HITPOINT WARNING * * *
You barely miss the orc warrior.
The orc warrior is severely wounded.
The orc warrior barely misses you. The orc warrior completely misses you.
You barely miss the orc warrior.
The orc warrior is severely wounded.
You block the orc warrior's attack.
You hit the orc warrior. You burn the orc warrior.
The orc warrior is almost dead.
The orc warrior misses you.
You hit the orc warrior but do no damage.
The orc warrior is severely wounded.
The orc priest invokes the aid of Beogh against you.
Beogh smites you!
You die...

#.# #.# #.#
#.# #.####
#....# ####.#
#######.#
.......@#
#.######o....#
o....# .....#
.##### .# .#
.#


You could see an orc warrior and an orc priest.

Vanquished Creatures
  Pikel (D:6)
  An unseen horror (D:7)
  A troll (D:7)
  A wraith (Ossuary)
  A water moccasin (D:7)
  3 orc warriors
  4 lemures (D:6)
  A scorpion (D:6)
  A water moccasin zombie (D:6)
  4 wights (D:6)
  5 howler monkeys
  2 centaur zombies
  4 hounds
  2 bullfrog skeletons
  A gnoll shaman (D:6)
  3 orc priests
  2 jellies (D:7)
  2 centaur skeletons
  An iguana (D:5)
  5 orc wizards
  Ijyb (D:4)
  A killer bee zombie (D:7)
  A mummy (Ossuary)
  A howler monkey zombie (D:6)
  12 adders
  11 gnolls
  2 white imps
  2 ufetubi
  An adder skeleton (D:4)
  3 worms
  A dart slug (D:1)
  14 orcs
  10 ball pythons
  8 endoplasms
  3 giant cockroaches
  4 goblins
  9 hobgoblins
  4 jackals (D:3)
  4 quokkas
  8 bats
  14 frilled lizards
  5 gnoll skeletons (Ossuary)
  6 kobolds
  3 kobold skeletons (Ossuary)
  17 orc skeletons (Ossuary)
  2 rats
192 creatures vanquished.

Vanquished Creatures (others)
  3 plants
3 creatures vanquished.

Grand Total: 195 creatures vanquished

Notes
Turn   | Place    | Note
-------+----------+-------------------------------------------
     0 | D:1      | bande the Gargoyle Fighter began the quest for the Orb.
     0 | D:1      | Reached XP level 1. HP: 14/14 MP: 1/1
   121 | D:1      | Reached XP level 2. HP: 13/19 MP: 2/2
   377 | D:1      | Reached skill level 2 in Axes
   795 | D:1      | Reached XP level 3. HP: 24/24 MP: 3/3
  1235 | D:2      | Reached XP level 4. HP: 29/29 MP: 4/4
  1401 | D:2      | Reached skill level 3 in Axes
  2052 | D:2      | Reached XP level 5. HP: 33/33 MP: 5/5
  2742 | D:3      | Found a faded altar of an unknown god.
  3043 | D:3      | Found a glowing silver altar of Zin.
  3428 | D:4      | Found an ornate altar of the Wu Jian Council.
  3547 | D:4      | Found a staircase to the Ecumenical Temple.
  3556 | Temple   | Entered the Ecumenical Temple
  3609 | Temple   | Became a worshipper of Warmaster Okawaru
  3693 | D:4      | Reached skill level 1 in Evocations
  3693 | D:4      | Reached XP level 6. HP: 27/38 MP: 6/6
  3703 | D:4      | Reached skill level 4 in Axes
  3904 | D:4      | Noticed Ijyb
  3912 | D:4      | Paralysed by Ijyb for 3 turns
  3916 | D:4      | Paralysed by Ijyb for 7 turns
  3929 | D:4      | Killed Ijyb
  4138 | D:4      | Identified the +2 robe of Untold Secrets {rElec rN+++ Str+3
                  | Int-5}
  4247 | D:4      | Found a burning altar of Makhleb.
  4588 | D:5      | Entered Level 5 of the Dungeon
  4596 | D:5      | Reached XP level 7. HP: 29/44 MP: 5/7
  4662 | D:5      | Identified the +6 mace of Neaffil {antimagic, Fly rElec
                  | rN++}
  4681 | D:5      | Reached skill level 1 in Invocations
  4712 | D:5      | Found a sand-covered staircase.
  4722 | Ossuary  | Entered an ossuary
  4722 | Ossuary  | Noticed a wraith
  4722 | Ossuary  | Noticed a wraith
  4722 | Ossuary  | Noticed a wraith
  4861 | Ossuary  | Noticed a wraith
  4898 | Ossuary  | Killed a wraith
  4898 | Ossuary  | Reached * piety under Okawaru
  4899 | Ossuary  | Reached skill level 5 in Axes
  5323 | D:5      | Found Genink's Magic Scroll Boutique.
  5777 | D:6      | Reached XP level 8. HP: 48/48 MP: 9/9
  5790 | D:6      | Reached skill level 5 in Armour
  5810 | D:6      | Reached ** piety under Okawaru
  6050 | D:6      | Reached skill level 5 in Fighting
  6050 | D:6      | Reached skill level 6 in Axes
  6346 | D:6      | Noticed Pikel
  6367 | D:6      | Killed Pikel
  6368 | D:6      | Reached XP level 9. HP: 15/54 MP: 3/11
  6708 | D:6      | Found a stormy altar of Qazlal.
  7350 | D:7      | Reached skill level 7 in Axes
  7634 | D:7      | Reached *** piety under Okawaru
  7696 | D:7      | Found a hide-covered altar of Uskayaw.
  7971 | D:7      | Reached skill level 5 in Shields
  8130 | D:7      | Noticed a troll
  8144 | D:7      | Killed a troll
  8424 | D:7      | Found the +27 Lear's hauberk
  8635 | D:7      | Killed an unseen horror
  8636 | D:7      | Reached skill level 5 in Invocations
  9008 | D:8      | Reached **** piety under Okawaru
  9036 | D:8      | Killed from afar by an orc priest

Illustrated notes

Levels and vault maps discovered:
D:1:      dpeg_arrival_boxorama, layout_basic
D:2:      layout_loops_ring, serial_forest, infiniplex_forest_diagonal,
          infiniplex_forest_fountain, infiniplex_forest_zigzag_1,
          infiniplex_forest_lined_corner, infiniplex_forest_clump_medium,
          infiniplex_forest_lined_corner, infiniplex_forest_end_1,
          minmay_snake_closets
D:3:      layout_loops_corners, overflow_temple_1_default,
          hellmonk_ecumenical_altar_crossroads, chequers_arboretum
D:4:      layout_gridville, nicolae_wu_jian_immortal_techniques,
          lemuel_crystal_altar, lemuel_temple_firewalk_a, uniq_ijyb
D:5:      layout_rooms, serial_shops, shop_fountains,
          chequers_ossuary_entry_cave, minmay_lizard_king
D:6:      layout_layer_cave, nicolae_qazlal_style_of_elements, st_stairs_10,
          minmay_misc_feat_columns, uniq_pikel
D:7:      layout_basic, mainiacjoe_overflow_paths, hellmonk_guarded_unrand_lears
D:8:      layout_basic, old_standard_altar, tgw_fedhas,
          grunt_temple_overflow_open, mainiacjoe_overflow_two_lobes,
          serial_shops, nicolae_shop_stone, uniq_prince_ribbit1, uniq_psyche,
          uniq_grum
Temple:   jpeg_temple_island

Skill      XL: |  1  2  3  4  5  6  7  8  9 |
---------------+----------------------------+-----
Axes           | 2 3 4 5 6 7 |  7.8
Fighting       | 4 5 6 |  6.1
Armour         | 4 5 6 |  6.3
Shields        | 4 5 |  5.2
Evocations     | 1 2 3 4 |  4.4
Invocations    | 2 3 5 |  5.0

Action                   |  1- 3 |  4- 6 |  7- 9 || total
-------------------------+-------+-------+-------++-------
Melee: War axe           |   138 |   181 |   324 ||   643
  Use: Scroll            |     2 |    13 |    11 ||    26
Armor: Scale mail        |   113 |   112 |    80 ||   305
       Chain mail        |       |       |   168 ||   168
Dodge: Dodged            |    62 |    90 |   136 ||   288
Block: Buckler           |    31 |    33 |    70 ||   134

Table legend: (Time is in decaauts)
 A = Elapsed time spent in this place.
 B = Non-inter-level travel time spent in this place.
 C = Inter-level travel time spent in this place.
 D = Time resting spent in this place.
 E = Time spent auto-exploring this place.
 F = Levels seen in this place.
 G = Mean time per level.
                   A        B        C        D        E       F      G
               +--------+--------+--------+--------+--------+-----+--------+
         Total |   9238 |   9025 |    213 |   1478 |   5459 |  10 |  923.8 |
       Dungeon |   8668 |   8490 |    178 |   1297 |   5237 |   8 | 1083.5 |
        Temple |     92 |     57 |     35 |      0 |     39 |   1 |   92.0 |
       Ossuary |    477 |    477 |      0 |    181 |    183 |   1 |  477.0 |
               +--------+--------+--------+--------+--------+-----+--------+

Top non-repeatable levels by time:
     D:6: 1773 daAuts
     D:7: 1684 daAuts
     D:2: 1426 daAuts
     D:4: 1180 daAuts
     D:3: 1042 daAuts
     D:1: 957 daAuts
     D:5: 539 daAuts
 Ossuary: 477 daAuts
  Temple: 92 daAuts
     D:8: 64 daAuts
